 Dungeon Crawl Stone Soup version 0.17-a0-1923-gc35365e (webtiles) character file.

8884 musteatbrain the Cleaver (level 11, 0/101 HPs)
             Began as a Minotaur Fighter on Sept 28, 2015.
             Was a Believer of Yredelemnul.
             Slain by Maud
             ... wielding a +3 broad axe of electrocution
              (24 damage)
             ... on level 10 of the Dungeon.
             The game lasted 00:34:07 (10712 turns).

musteatbrain the Cleaver (Minotaur Fighter)        Turns: 10712, Time: 00:34:07

Health: 0/101      AC: 17    Str: 25    XL:     11   Next: 15%
Magic:  10/10      EV: 16    Int:  5    God:    Yredelemnul [**....]
Gold:   300        SH:  0    Dex: 14    Spells: 0 memorised, 10 levels left

rFire  . . .     SeeInvis .     a - +0 war axe
rCold  + . .     Clarity  .     x - +1 plate armour
rNeg   + . .     SustAt   .     (no shield)
rPois  .         Gourm    .     (helmet restricted)
rElec  .         Spirit   .     f - +0 cloak
rCorr  .         Warding  .     h - +0 pair of gloves of Intercession {rN+}
rMut   .         Stasis   .     (no boots)
MR     .....                    (no amulet)
Stlth  ..........               (no ring)
                                q - ring of protection from cold

@: agile, not resistant to hostile enchantments, extremely unstealthy
A: retaliatory headbutt, horns 2, sense surroundings 1
a: Animate Remains, Recall Undead Slaves, Injury Mirror, Renounce Religion


You were on level 10 of the Dungeon.
You worshipped Yredelemnul.
Yredelemnul was pleased with you.
You were hungry.

You visited 1 branch of the dungeon, and saw 10 of its levels.
You also visited: Ossuary.

You collected 518 gold pieces.
You spent 218 gold pieces at shops.

Inventory:

Hand weapons
 a - a +0 war axe (weapon)
Armour
 f - a +0 cloak (worn)
 h - the +0 pair of gloves of Intercession (worn) {rN+}
   (You bought it in a shop on level 5 of the Dungeon)

   It protects you from negative energy.
 x - a +1 plate armour (worn)
Jewellery
 q - a ring of protection from cold (left hand)
Magical devices
 b - a wand of lightning (8)
 e - a wand of teleportation (0)
 g - a wand of slowing (36)
 p - a wand of cold (8)
 D - a wand of fire (7)
 E - a wand of disintegration (5)
 F - a wand of fire (7)
 I - a wand of polymorph (6)
Scrolls
 i - 4 scrolls of enchant armour
 k - 5 scrolls of teleportation
 r - 5 scrolls of remove curse
 t - 3 scrolls of identify
 v - a scroll of magic mapping
 y - a scroll of fog
 G - 2 scrolls of amnesia
Potions
 j - 4 potions of curing
 m - a potion of ambrosia {unknown}
 n - a potion of invisibility {unknown}
 s - 2 potions of magic
 A - 2 potions of resistance
 B - 3 potions of cancellation
 C - a potion of degeneration {unknown}
Comestibles
 c - a beef jerky
 d - 4 royal jellies
 l - a chunk of flesh
 o - 10 fruits
 w - a slice of pizza
 z - 5 bread rations


   Skills:
 + Level 10.7 Fighting
 * Level 13.7 Axes
 + Level 9.0 Armour
 + Level 7.3 Dodging
   Level 3.6 Shields


You had 10 spell levels left.
You didn't know any spells.

Dungeon Overview and Level Annotations

Branches:
Dungeon (10/15)            Temple (0/1) D:7            Lair (0/8) D:9
    Orc: D:9-12

Altars:
Dithmenos
Makhleb
Ru
Trog
Xom
Yredelemnul
Zin
The Shining One

Shops:
D:5 [   D:7 (

Annotations:
D:10 Maud


Innate Abilities, Weirdness & Mutations

You reflexively headbutt those who attack you in melee.
You have a pair of horns on your head.
You passively map a small area around you.


Message History

* * * LOW HITPOINT WARNING * * *
Drink which item? (? for menu, Esc to quit)
Okay, then.
Zapping:
b - a wand of lightning {zapped: 1} (will waste charges)
Press: ? - help, Shift-Dir - straight line, f/p - Maud
Aim: Maud, wielding a broad axe of electrocution and wearing a chain mail (moderately wounded, inner flame)
You hear a mighty clap of thunder!
The bolt of lightning hits Maud.
Maud is moderately wounded.
The bolt of lightning hits Maud.
Maud appears unharmed.
Maud is moderately wounded.
Evoking this partially-identified wand wasted a few charges.
You see here a worker ant corpse.
Zapping:
e - a wand of teleportation {zapped: 3} (will waste charges)
Press: ? - help, Shift-Dir - straight line, p - Maud Nothing appears to happen.
Evoking this partially-identified wand wasted a few charges.
Maud hits you with a broad axe of electrocution!!
You die...
Your body rises from the dead as a mindless zombie.

*#.#### #....#
########### ####.#
#.......... #######'##
#.......... , *
#.....(..#####..........
#......†.'..##......<...
+........##.##..........
#>.....@.##..'..........
#......@.#####..........
, #........# #..........
#####+#### #..........
#.......... ##########)
, ###.. #...# ###'### ,
#......


You could see Maud (inner flame).

Vanquished Creatures
  A hill giant (D:10)
  The ghost of graki42 the Thaumaturge, an experienced DEFE (D:6)
  A troll (D:7)
  Grinder (D:3)
  2 two-headed ogres (D:9)
  Sigmund (D:3)
  A wyvern (D:9)
  A wraith (D:7)
  8 yaks
  2 hippogriffs
  2 hungry ghosts (D:8)
  2 orc warriors (D:9)
  2 sky beasts
  6 ogres
  2 phantoms
  6 centaurs
  A big kobold (D:8)
  The ghost of graki42 the Firebug, an average DEFE (D:3)
  Blork the orc (D:6)
  A gnoll sergeant (D:7)
  6 giant frogs
  4 scorpions
  A water moccasin skeleton (D:8)
  9 killer bees
  3 spriggan skeletons (D:9)
  A troll skeleton (D:9)
  A crimson imp (D:10)
  3 hounds
  A giant frog zombie (D:7)
  A quasit (D:9)
  Crazy Yiuf (D:2)
  3 orc priests
  A jelly (D:9)
  5 orc wizards
  3 centaur skeletons
  Terence (D:2)
  3 iguanas
  8 big kobold zombies (Ossuary)
  7 worker ants
  A hound skeleton (D:8)
  2 mummies
  A worker ant zombie (D:10)
  Robin (D:3)
  15 gnolls
  15 adders
  3 shadow imps
  4 oozes
  6 adder skeletons
  2 adder zombies
  A worm (D:2)
  A giant gecko (D:10)
  19 orcs
  5 spectral bats (Ossuary)
  A ball python (D:6)
  5 giant cockroaches
  4 gnoll zombies (Ossuary)
  12 goblins
  9 hobgoblins
  16 jackals
  11 kobolds
  3 quokkas
  12 bats
  6 bat simulacra (Ossuary)
  A giant cockroach zombie (D:5)
  2 giant gecko skeletons
  5 giant newts
  3 goblin simulacra (Ossuary)
  4 goblin zombies (Ossuary)
  2 hobgoblin zombies (Ossuary)
  2 kobold simulacra (Ossuary)
  7 kobold zombies (Ossuary)
  5 orc zombies (Ossuary)
  5 rats
  3 rat simulacra (Ossuary)
  4 spectral goblins (Ossuary)
  4 spectral kobolds (Ossuary)
  2 spectral rats (Ossuary)
309 creatures vanquished.

Vanquished Creatures (collateral kills)
  The ghost of hexophile the Carver, an experienced DsBe of Trog (D:10)
  A yak (D:10)
2 creatures vanquished.

Vanquished Creatures (others)
  A hill giant zombie (D:10)
  4 yak zombies (D:10)
  An orc zombie (D:9)
6 creatures vanquished.

Grand Total: 317 creatures vanquished

Notes
Turn   | Place    | Note
--------------------------------------------------------------
     0 | D:1      | musteatbrain the Minotaur Fighter began the quest for the Orb.
     0 | D:1      | Reached XP level 1. HP: 19/19 MP: 0/0
   171 | D:1      | Reached XP level 2. HP: 27/27 MP: 1/1
   407 | D:1      | Reached skill level 4 in Fighting
   808 | D:1      | Reached XP level 3. HP: 18/33 MP: 2/2
  1076 | D:2      | Noticed Terence
  1084 | D:2      | Killed Terence
  1084 | D:2      | Reached XP level 4. HP: 30/41 MP: 3/3
  1120 | D:2      | Found a glowing silver altar of Zin.
  1120 | D:2      | Noticed an angel
  1121 | D:2      | Found a shimmering altar of Xom.
  1464 | D:2      | Reached skill level 5 in Axes
  1517 | D:2      | Found a burning altar of Makhleb.
  1610 | D:2      | Noticed Crazy Yiuf
  2169 | D:3      | Reached skill level 5 in Fighting
  2246 | D:2      | Killed Crazy Yiuf
  2246 | D:2      | Reached XP level 5. HP: 48/48 MP: 4/4
  2343 | D:3      | Noticed Grinder
  2349 | D:3      | Found a bloodstained altar of Trog.
  2355 | D:3      | Paralysed by Grinder for 7 turns
  2376 | D:3      | Killed Grinder
  2376 | D:3      | Reached skill level 6 in Axes
  2376 | D:3      | Reached XP level 6. HP: 13/57 MP: 5/5
  2568 | D:3      | Noticed graki42's ghost (average DEFE)
  2575 | D:3      | Killed graki42's ghost
  2575 | D:3      | Reached skill level 7 in Axes
  2689 | D:3      | Noticed Sigmund
  2708 | D:3      | Killed Sigmund
  2708 | D:3      | Reached XP level 7. HP: 37/64 MP: 6/6
  2931 | D:3      | Noticed Robin
  2938 | D:3      | Reached skill level 8 in Axes
  2944 | D:3      | Killed Robin
  4326 | D:4      | Reached skill level 9 in Axes
  4359 | D:4      | Reached XP level 8. HP: 65/73 MP: 7/7
  4451 | D:5      | Entered Level 5 of the Dungeon
  4457 | D:5      | Reached skill level 1 in Dodging
  4460 | D:5      | Found Wiev's Antique Armour Emporium.
  4788 | D:5      | Found a sacrificial altar of Ru.
  4882 | D:5      | Found a sand-covered staircase.
  4893 | Ossuary  | Entered an ossuary
  5127 | Ossuary  | Reached skill level 5 in Armour
  5396 | D:5      | Reached skill level 10 in Axes
  5420 | D:5      | Found a basalt altar of Yredelemnul.
  5436 | D:5      | Became a worshipper of Yredelemnul the Dark
  5814 | D:6      | Gained mutation: You passively map a small area around you. [mutagenic meat]
  5899 | D:6      | Noticed Blork the orc
  5915 | D:6      | Killed Blork the orc
  5915 | D:6      | Reached XP level 9. HP: 44/81 MP: 8/8
  6374 | D:6      | Found a glowing golden altar of the Shining One.
  6435 | D:6      | Noticed graki42's ghost (experienced DEFE)
  6451 | D:6      | Killed graki42's ghost
  6451 | D:6      | Reached skill level 11 in Axes
  7001 | D:7      | Found a shadowy altar of Dithmenos.
  7051 | D:7      | Reached skill level 5 in Dodging
  7054 | D:7      | Acquired Yredelemnul's first power
  7463 | D:7      | Found Sirphoita's Antique Weapon Shoppe.
  7969 | D:5      | Bought a pair of dazzling gloves for 218 gold pieces
  7979 | D:5      | Identified the cursed +0 pair of gloves of Intercession {rN+} (You bought it in a shop on level 5 of the Dungeon)
  8320 | D:7      | Found a staircase to the Ecumenical Temple.
  8511 | D:7      | Reached XP level 10. HP: 91/91 MP: 9/9
  8549 | D:7      | Reached skill level 12 in Axes
  9461 | D:8      | Reached skill level 10 in Fighting
  9718 | D:9      | Found a staircase to the Lair.
 10000 | D:9      | Found a bloodstained altar of Trog.
 10235 | D:9      | Reached skill level 13 in Axes
 10253 | D:9      | Acquired Yredelemnul's second power
 10371 | D:10     | Entered Level 10 of the Dungeon
 10452 | D:10     | Noticed a hill giant
 10471 | D:10     | Killed a hill giant
 10488 | D:10     | Reached XP level 11. HP: 60/101 MP: 8/10
 10668 | D:10     | Noticed Maud
 10668 | D:10     | Noticed hexophile's ghost (experienced DsBe)
 10687 | D:10     | Killed hexophile's ghost
 10712 | D:10     | Slain by Maud

Vault maps used:
D:1:      shiori_arrival_elements, kennysheep_nondescript
D:2:      grunt_temple_overflow_order_and_chaos_1, lemuel_round_altar,
          bh_walls_and_bars, uniq_crazy_yiuf_cottage, uniq_terence
D:3:      lightli_temple_of_fire, uniq_robin, uniq_sigmund, uniq_grinder
D:4:      first_bread
D:5:      yredelemnul_altar_generic, basic_altar, serial_shops,
          nicolae_shop_crystal, gup_ossuary_entry_pyramid
D:6:      nicolae_tso_carved_into_rock, uniq_blork_the_orc
D:7:      nicolae_dithmenos_the_darkroom, temple_green, serial_shops, shop
D:9:      lair_0_dummy, basic_altar, hangedman_tell_no_tales
D:10:     uniq_maud
Ossuary:  ossuary_zaba_two_paths

Action                   |  1- 3 |  4- 6 |  7- 9 | 10-12 || total
-------------------------+-------+-------+-------+-------++-------
Melee: War axe           |    81 |    69 |       |   206 ||   356
       Glaive            |       |     5 |   470 |    85 ||   560
Invok: Animate Remains   |       |       |       |     7 ||     7
Evoke: Wand              |       |       |       |     3 ||     3
  Use: Potion            |       |     1 |     4 |     8 ||    13
       Scroll            |       |       |    10 |     5 ||    15
 Stab: Distracted        |       |       |     1 |     1 ||     2
  Eat: Chunk             |       |     2 |    10 |     9 ||    21
       Bread ration      |       |     1 |       |       ||     1
       Meat ration       |       |       |     2 |     1 ||     3
       Fruit             |       |       |       |     4 ||     4
       Beef jerky        |       |       |       |     4 ||     4
       Pizza             |       |       |       |     2 ||     2
